 Dungeon Sprint DCSS version 0.21.1-1-g345015f (webtiles) character file.

7426 wojtek the Severer (level 10, -7/102 (103) HPs)
             Began as a Minotaur Berserker on Feb 22, 2018.
             Was the Champion of Trog.
             Mangled by a deep troll (22 damage)
             ... summoned by the player character
             ... in the Dungeon (Sprint III: "The Ten Rune Challenge").
             The game lasted 00:07:41 (2446 turns).

wojtek the Severer (Minotaur Berserker)             Turns: 2446, Time: 00:07:41

HP:   -7/102 (103)  AC: 18    Str: 24    XL:     10   Next: 93%
MP:   9/9           EV: 13    Int:  4    God:    Trog [******]
Gold: 3155          SH:  0    Dex: 11    Spells: 9/9 levels left

rFire    . . .     SeeInvis .   v - +4 broad axe (vamp)
rCold    . . .     Gourm    .   (no shield)
rNeg     . . .     Faith    .   z - +0 plate armour
rPois    .         Spirit   .   (helmet restricted)
rElec    .         Reflect  .   A - +0 cloak {+Inv}
rCorr    .         Harm     .   (no gloves)
MR       .....     NoTele   +   (no boots)
Stlth    ..........             (no amulet)
HPRegen  0.27/turn              (no ring)
MPRegen  0.11/turn              (no ring)

@: no status effects
A: retaliatory headbutt, horns 2
a: Berserk, Trog's Hand, Brothers in Arms, Burn Spellbooks, Renounce Religion,
Evoke Invisibility


You were in the Dungeon.
You worshipped Trog.
Trog was exalted by your worship.
You were not hungry.

You visited 1 branch You collected 3387 gold pieces.
You spent 232 gold pieces at shops.

Inventory:

Hand Weapons
 a - a +2 battleaxe of chopping
 u - a +3 antimagic battleaxe
 v - a +4 vampiric broad axe (weapon)
 x - a +2 executioner's axe of chopping
 B - a +7 battleaxe of chopping
 C - a +5 antimagic broad axe
 D - the +12 broad axe "Sismefud" {drain, rN+, unknown}
   (Trog gifted it to you in the Dungeon)

   A truly terrible weapon, it drains the life of those it strikes.
   It protects you from negative energy.
 F - a +0 antimagic battleaxe
Missiles
 k - 7 throwing nets (quivered)
Armour
 y - a +1 ring mail of positive energy
 z - a +0 plate armour (worn)
 A - a +0 cloak of invisibility (worn)
Wands
 b - a wand of clouds (3)
Scrolls
 i - a scroll of blinking
 j - a scroll of fog {unknown}
 l - a scroll of enchant armour {unknown}
 n - a scroll of immolation {unknown}
 o - a scroll of amnesia {unknown}
 p - a scroll of remove curse {unknown}
 s - a scroll of holy word {unknown}
 t - 2 scrolls of identify {unknown}
Potions
 d - a potion of curing
 e - 2 potions of heal wounds
 f - a potion of haste
 g - 2 potions of magic
 h - 4 potions of berserk rage
 m - 3 potions of mutation {unknown}
 q - 2 potions of agility {unknown}
 r - 4 potions of flight
Miscellaneous
 w - a box of beasts
Comestibles
 c - 15 rations
 E - 2 chunks of flesh


   Skills:
 + Level 14.2 Fighting
 * Level 18.8 Axes
 + Level 14.0 Armour
 + Level 13.0 Dodging


You had 9 spell levels left.
You didn't know any spells.

Dungeon Overview and Level Annotations

Branches:
Dungeon (1/1)

Altars:
Cheibriados
Dithmenos
Elyvilon
Fedhas
Gozag
Hepliaklqana
Kikubaaqudgha
Makhleb
Nemelex Xobeh
Okawaru
Qazlal
Ru
Sif Muna
Trog
Uskayaw
Vehumet
Wu Jian
Xom
Yredelemnul
Zin
The Shining One
Beogh
Jiyva
Lugonu

Shops:
D [

Annotations:
D Rupert


Innate Abilities, Weirdness & Mutations

You reflexively headbutt those who attack you in melee.
You have a pair of horns on your head.


Message History

Rupert roars wildly at you.
Your deep troll appears confused.
Your plate armour prevents you from hitting Rupert.
Rupert yells loudly at you.
You are confused.
Are you sure you want to stumble around while confused and next to your deep troll?
Okay, then.
Rupert roars madly and goes into a rage!
Rupert goes berserk!
Rupert hits you with a great sword of slicing!
Rupert hits you with a great sword of slicing!!
You're too confused to move!
Rupert hits you with a great sword of slicing!!
* * * LOW HITPOINT WARNING * * *
x2 You bump into the rock wall.
Rupert barely misses you.
Are you sure you want to stumble around while confused and next to your deep troll?
Okay, then.
You feel less confused. Rupert closely misses you.
Your deep troll bites you!!
You die...

▓.................#___#__'
▓▓▓▓▓▓▓▓▓▓▓▓▓▓▓▓▓▓▓▓▓▓▓▓▓▓
+≈.≈≈.≈≈.≈♣♣.....♣♣♣♣
#≈≈≈§§§≈≈÷♣♣.≈≈≈≈'♣♣†
#≈≈§≈§≈≈≈≈÷'.....#.≈♣
#≈≈§§§§≈≈≈♣♣♣♣♣♣♣#..♣
#≈≈≈≈≈≈≈§≈♣ ###+
##+####'#######
......T@@......
#+#############


You could see Rupert (berserk) and a friendly deep troll (berserk).

Vanquished Creatures
  Erolcha (D)
  A deep elf mage (D)
  2 spiny frogs (D)
  A rime drake (D)
  A komodo dragon (D)
  A queen bee (D)
  5 blink frogs (D)
  2 redbacks (D)
  A shadow (D)
  3 wandering mushrooms (D)
  A spatial vortex (D)
  A swamp drake (D)
  A necrophage (D)
  5 two-headed ogres (D)
  A water elemental (D)
  A scorpion (D)
  32 killer bees (D)
  3 orc priests (D)
  A jelly (D)
  An orc wizard (D)
  Jessica (D)
  A wizard (D)
  A necromancer (D)
  A kobold demonologist (D)
  3 humans (D)
  An ooze (D)
  4 orcs (D)
  A hobgoblin (D)
  2 rats (D)
80 creatures vanquished.

Vanquished Creatures (collateral kills)
  3 orc warriors (D)
  An orc priest (D)
  An orc wizard (D)
  4 orcs (D)
9 creatures vanquished.

Vanquished Creatures (others)
  2 draconian scorchers (D)
  6 hellions (D)
  2 yaktaurs (D)
  A plant (D)
11 creatures vanquished.

Grand Total: 100 creatures vanquished

Notes
Turn   | Place    | Note
-------+----------+-------------------------------------------
     0 | D        | wojtek the Minotaur Berserker began the quest for the Orb.
     0 | D        | Reached XP level 1. HP: 19/19 MP: 0/0
     6 | D        | Reached skill level 4 in Axes
    11 | D        | Noticed Jessica
    14 | D        | Killed Jessica
    14 | D        | Reached ** piety under Trog
    14 | D        | Reached skill level 5 in Axes
    14 | D        | Reached XP level 2. HP: 21/28 MP: 1/1
    14 | D        | Reached XP level 3. HP: 27/35 MP: 2/2
    57 | D        | Reached skill level 5 in Fighting
    57 | D        | Reached skill level 6 in Axes
    70 | D        | Killed a yaktaur
    82 | D        | Killed a hellion
    82 | D        | Killed a hellion
    82 | D        | Killed a hellion
    83 | D        | Killed a hellion
   131 | D        | Noticed a scorpion
   131 | D        | Killed a hellion
   146 | D        | Killed a scorpion
   146 | D        | Reached *** piety under Trog
   146 | D        | Reached skill level 7 in Axes
   146 | D        | Reached skill level 5 in Armour
   146 | D        | Reached XP level 4. HP: 19/44 MP: 3/3
   148 | D        | Killed a hellion
   167 | D        | Killed a white draconian scorcher
   171 | D        | Killed a white draconian scorcher
   351 | D        | Noticed a water elemental
   354 | D        | Killed a water elemental
   354 | D        | Reached skill level 8 in Axes
   354 | D        | Reached skill level 5 in Dodging
   354 | D        | Reached XP level 5. HP: 51/51 MP: 4/4
   400 | D        | Found a radiant altar of Vehumet.
   401 | D        | Found a deep blue altar of Sif Muna.
   401 | D        | Found an ancient bone altar of Kikubaaqudgha.
   402 | D        | Reached skill level 9 in Axes
   407 | D        | Reached **** piety under Trog
   421 | D        | Found a glowing silver altar of Zin.
   421 | D        | Found a glowing golden altar of the Shining One.
   421 | D        | Found a white marble altar of Elyvilon.
   422 | D        | Noticed a deep elf mage
   435 | D        | Noticed a fire elemental
   445 | D        | Killed a deep elf mage
   445 | D        | Reached skill level 12 in Axes
   445 | D        | Reached XP level 6. HP: 36/63 MP: 5/5
   445 | D        | Reached XP level 7. HP: 41/70 MP: 6/6
   636 | D        | Found a hide-covered altar of Uskayaw.
   636 | D        | Found an iron altar of Okawaru.
   637 | D        | Found a roughly hewn altar of Beogh.
   637 | D        | Found a bloodstained altar of Trog.
   637 | D        | Found an ornate altar of the Wu Jian Council.
   637 | D        | Noticed a human
   637 | D        | Noticed a human
   640 | D        | Reached ***** piety under Trog
   642 | D        | Killed a human
   658 | D        | Killed a human
   658 | D        | Reached skill level 13 in Axes
   851 | D        | Found a shadowy altar of Dithmenos.
   858 | D        | Received a gift from Trog
   858 | D        | Reached skill level 10 in Fighting
   858 | D        | Reached XP level 8. HP: 77/78 MP: 7/7
   859 | D        | Found a basalt altar of Yredelemnul.
   859 | D        | Found a sacrificial altar of Ru.
   924 | D        | Reached skill level 10 in Armour
   948 | D        | Found a blossoming altar of Fedhas.
   948 | D        | Found a stormy altar of Qazlal.
   949 | D        | Found a snail-covered altar of Cheibriados.
   949 | D        | Found a burning altar of Makhleb.
   949 | D        | Found a hazy altar of Hepliaklqana.
   949 | D        | Found a shimmering altar of Xom.
   949 | D        | Found an opulent altar of Gozag.
   949 | D        | Found a sparkling altar of Nemelex Xobeh.
   949 | D        | Found a corrupted altar of Lugonu.
   949 | D        | Found a viscous altar of Jiyva.
   973 | D        | Reached skill level 14 in Axes
   979 | D        | Reached ****** piety under Trog
   979 | D        | Received a gift from Trog
   995 | D        | Noticed a two-headed ogre
  1001 | D        | Killed a two-headed ogre
  1001 | D        | Reached skill level 10 in Dodging
  1293 | D        | Noticed a two-headed ogre
  1293 | D        | Noticed Erolcha
  1296 | D        | Killed Erolcha
  1296 | D        | Reached skill level 15 in Axes
  1296 | D        | Reached XP level 9. HP: 89/89 MP: 8/8
  1299 | D        | Killed a two-headed ogre
  1352 | D        | Reached skill level 16 in Axes
  1354 | D        | Received a gift from Trog
  1393 | D        | Received a gift from Trog
  1519 | D        | Found Kusamp's Antique Armour Shop.
  1555 | D        | Bought an embroidered cloak for 232 gold pieces
  1726 | D        | Received a gift from Trog
  1812 | D        | Received a gift from Trog
  1817 | D        | Reached XP level 10. HP: 99/99 MP: 9/9
  1823 | D        | Reached skill level 17 in Axes
  1826 | D        | Received a gift from Trog
  1841 | D        | Received a gift from Trog
  1937 | D        | Received a gift from Trog
  1943 | D        | Got a crystal broad axe {god gift}
  2097 | D        | Noticed a spiny frog
  2097 | D        | Noticed a spiny frog
  2105 | D        | Killed a spiny frog
  2105 | D        | Reached skill level 18 in Axes
  2112 | D        | Killed a spiny frog
  2336 | D        | Received a gift from Trog
  2435 | D        | Noticed Rupert
  2446 | D        | Mangled by a deep troll

Skill      XL: |  1  2  3  4  5  6  7  8  9 10 |
---------------+-------------------------------+-----
Fighting       | 4 6 9 10 11 12 14 | 14.2
Axes           | 5 7 8 12 13 15 16 18 | 18.8
Armour         | 4 5 6 8 9 11 12 14 | 14.0
Dodging        | 3 4 5 8 10 11 13 | 13.0

Action                   |  1- 3 |  4- 6 |  7- 9 | 10-12 || total
-------------------------+-------+-------+-------+-------++-------
Melee: Hand axe          |    22 |    16 |    20 |       ||    58
       Headbutt          |     2 |     8 |    15 |    17 ||    42
       Battleaxe         |       |       |    41 |       ||    41
       Broad axe         |       |       |    25 |    85 ||   110
       Executioner's axe |       |       |    13 |       ||    13
Invok: Berserk           |     2 |     2 |     2 |       ||     6
       Burn Spellbooks   |       |       |     2 |       ||     2
       Brothers in Arms  |       |       |     1 |     1 ||     2
 Stab: Sleeping          |       |     1 |       |       ||     1
  Eat: Ration            |       |     1 |     2 |       ||     3
       Chunk             |       |       |     5 |     1 ||     6
Armor: Animal skin       |     1 |     1 |       |       ||     2
       Chain mail        |       |       |     8 |       ||     8
       Plate armour      |       |       |    37 |    29 ||    66
Dodge: Dodged            |    13 |     6 |    55 |    58 ||   132
